Map: Port Aleksander LE

Players

TheJaGi - Winner!

  • Race: Zerg Zerg
  • Spawn Location: 11:00

VOD

Have the link to the VOD?

Description

Time

  • Played on: Feb. 19, 2019, 3:31 p.m.
  • Length: 21:06
Show
View Real Time Build Order
Export as new Build Order

TheJaGi Zerg - Winner!

Build Orders:  

Get SALT Encoding   

  12  0:06  Drone  
  13  0:19  Overlord  
  13  0:28  Drone  
  14  0:45  Drone x2  
  16  0:57  Drone  
  17  1:14  Drone  
  18  1:34  Hatchery  
  17  1:44  Drone  
  17  1:46  Drone  
  19  1:52  Extractor  
  18  2:07  Drone  
  18  2:09  Overlord  
  19  2:38  Drone  
  19  2:39  Drone  
  21  2:58  Spawning Pool  
  20  3:04  Drone  
  21  3:20  Drone x2  
  21  3:29  Drone  
  24  3:30  Drone  
  25  3:43  Drone  
  26  4:04  Zergling x4  
  26  4:05  Zergling x2  
  29  4:12  Queen  
  29  4:16  Queen  
  33  4:22  Overlord  
  33  4:25  Drone x2  
  35  5:02  Drone x3  
  35  5:03  Drone x2  
  35  5:06  Queen  
  42  5:30  Drone x2  
  42  5:32  Overlord  
  44  5:49  Extractor  
  43  6:15  Drone  
  43  6:16  Drone x4  
  43  6:17  Overlord  
  43  6:18  Overlord  
  48  6:21  Drone x3  
  51  6:43  Drone x2  
  51  6:44  Drone x2  
  55  7:01  Metabolic Boost  
  55  7:16  Hatchery  
  51  7:34  Zergling x8  
  51  7:35  Zergling x2  
  56  8:12  Drone x2  
  56  8:13  Drone x2, Overlord x2  
  56  8:14  Overlord  
  60  8:28  Zergling x6  
  60  8:29  Zergling x2  
  64  8:35  Drone x3  
  67  8:44  Extractor  
  62  8:52  Roach Warren  
  58  9:07  Zergling x4  
  58  9:08  Zergling x8  
  58  9:25  Zergling x2  
  58  9:26  Zergling x2  
  58  9:44  Queen  
  59  9:58  Roach x2  
  59  9:59  Roach x3  
  69  10:01  Unknown  
  69  10:34  Queen  
  69  10:37  Roach  
  69  10:38  Roach x4  
  81  10:42  Hatchery  
  80  11:35  Unknown  
  80  11:56  Roach  
  80  11:59  Overlord  
  82  12:00  Overlord x2  
  82  12:02  Drone  
  83  12:14  Overlord x3  
  83  13:24  Overlord x3  
  83  13:25  Roach  
  83  13:26  Roach x4  
  83  13:27  Roach  
  83  13:28  Zergling x8, Lair  
  99  13:31  Extractor  
  99  13:37  Drone x4  
  99  13:38  Drone  
  99  13:39  Drone  
  90  14:12  Spore Crawler  
  90  14:14  Drone x4  
  90  14:15  Overlord x2  
  90  14:16  Overlord  
  93  14:45  Roach x3  
  93  14:46  Roach x2  
  103  15:06  Hydralisk Den  
  102  15:10  Zergling x4  
  102  15:11  Zergling x8  
  102  15:12  Zergling x6  
  102  15:16  Glial Reconstitution  
  111  15:33  Evolution Chamber  
  110  15:56  Hydralisk  
  110  15:57  Hydralisk x2  
  110  15:58  Hydralisk  
  118  16:00  Zergling x4, Overlord x2  
  118  16:01  Zergling x2  
  118  16:02  Zergling x2  
  122  16:32  Hydralisk x3  
  122  16:33  Zergling x8  
  132  16:54  Zerg Melee Weapons Level 1  
  119  17:29  Zergling x4  
  115  17:30  Zergling x4  
  115  17:31  Hydralisk x3  
  115  17:32  Roach x2, Hydralisk  
  115  17:33  Roach x2  
  128  18:34  Zergling x2  
  128  18:35  Zergling x6  
  128  18:36  Hydralisk x2  
  128  18:37  Roach x3, Hydralisk x2  
  128  18:38  Overlord  
  146  18:46  Unknown  
  141  19:18  Hydralisk, Zergling x6  
  141  19:19  Roach x2, Hydralisk x2  
  146  19:34  Unknown  
  140  20:22  Hatchery  
Tags
 
Add a new tag
Caveats
  • Supply blocks, unpowered buildings, or Contaminate may cause inaccurate times.
  • Supply counts are checked every 10 seconds.